Cogmind - Beta 12 @@@ ROGUE MODE // 2023.03.09 @ 19:56:54 Player: ILikeVoltron Result: Destroyed by YI-UF0 with YI-UF0's Doublenader Performance ------------- Evolutions (0) 0 Regions Visited (2) 400 Robots Destroyed (9) 45 Value Destroyed (197) 197 Prototype IDs (0) 0 Alien Tech Used (0) 0 Bonus (0) 0 TOTAL SCORE: 642 Bonus ------- None Cogmind --------- Core Integrity 0/250 Matter 300/300 Energy 84/100 System Corruption 0% Temperature Warm (108) Movement Core (100) Ox1 Location -10/Mines Parts ------- > --- POWER (1) -------- (None) > --- PROPULSION (2) --- (None) > --- UTILITY (2) ------ Small Storage Unit > --- WEAPON (2) ------- (None) > --- INVENTORY (8) ---- Aluminum Leg Aluminum Leg Medium Laser Light Assault Rifle Light Assault Rifle Light Assault Rifle Peak State ------------ > --- POWER ------------ Light Ion Engine > --- PROPULSION ------- Aluminum Leg Carbon-fiber Leg > --- UTILITY ---------- Small Storage Unit Improved Signal Interpreter > --- WEAPON ----------- Pulse Rifle Light Assault Rifle > --- INVENTORY -------- Light Ion Engine Aluminum Leg Aluminum Leg Aluminum Leg Aluminum Leg Medium Laser Light Assault Rifle Light Assault Rifle [Rating: 13] Favorites ----------- Power Ion Engine Engine Ion Engine Power Core Light Nuclear Core Propulsion Aluminum Leg Leg Aluminum Leg Utility Small Storage Unit Device Tractor Beam Storage Small Storage Unit Processor Improved Signal Interpreter Weapon Light Assault Rifle Energy Gun Pulse Rifle Ballistic Gun Light Assault Rifle Launcher Concussive RPG Build | -11 -10 -10 ------- Run | Jun Mat Min Slots Evolved . | . . . Power . | . . . Propulsion . | . . . Utility . | . . . Weapon . | . . . Parts Attached 14 | . 2 12 Power 3 | . . 3 Engine 2 | . . 2 Core 1 | . . 1 Reactor . | . . . Propulsion 3 | . . 3 Treads . | . . . Leg 3 | . . 3 Wheel . | . . . Hover . | . . . Flight . | . . . Utility 3 | . 1 2 Device 2 | . 1 1 Storage . | . . . Processor 1 | . . 1 Hackware . | . . . Protection . | . . . Artifact . | . . . Weapon 5 | . 1 4 Energy Gun 2 | . . 2 Energy Cannon . | . . . Ballistic Gun 2 | . 1 1 Ballistic Cannon . | . . . Launcher 1 | . . 1 Special Weapon . | . . . Impact Weapon . | . . . Slashing Weapon . | . . . Piercing Weapon . | . . . Special Melee Weapon . | . . . Unidentified Prototypes . | . . . Parts Lost 9 | . . 9 Power 2 | . . 2 Propulsion 4 | . . 4 Utility 1 | . . 1 Weapon 2 | . . 2 Highest Loss Streak 9 | . . 9 To Critical Strikes . | . . . Average Slot Usage (%) 98 | . 96 99 Engine 12 | . 14 10 Core 1 | . . 3 Leg 28 | . 28 28 Device 10 | . 11 10 Storage 14 | . 14 14 Processor 1 | . . 3 Energy Gun 5 | . 3 7 Ballistic Gun 21 | . 24 20 Naked Turns . | . . . Heaviest Build 15 | 13 14 15 Greatest Support 25 | 20 20 25 Greatest Overweight (x) . | . . . Average Overweight (x) . | . . . Largest Inventory Capacity 8 | 8 8 8 Average Capacity 8 | 8 8 8 Most Carried 8 | 6 8 8 Average Carried 7 | 6 7 7 Final Capacity 8 | 8 8 8 Final Carried 8 | 6 8 6 Class Distribution -------------------- 100% | Mutant Dominant Class ---------------- Mutant | -10/Materials Mutant | -10/Mines Resources | -11 -10 -10 ----------- Run | Jun Mat Min Matter Collected 369 | 200 40 129 Remotely 145 | . 40 105 Salvage Created 322 | . 124 198 Parts 20 | . 9 11 Haulers Intercepted 1 | . 1 . Recyclers Shooed . | . . . Parts Field Recycled . | . . . Retrieved Matter . | . . . Parts Self-Destructed . | . . . Prevented . | . . . Kills | -11 -10 -10 ------- Run | Jun Mat Min Combat Hostiles Destroyed 7 | . 2 5 Guns 6 | . 2 4 AOE 1 | . . 1 Classes Destroyed 4 | . 2 2 Hauler 1 | . 1 . Recycler 1 | . . 1 Swarmer 3 | . . 3 Grunt 4 | . 2 2 Best Kill Streak 3 | . 2 3 Combat Bots Only 3 | . 2 3 Max Kills in Single Turn 2 | . 1 2 Gunslinging . | . . . Exploded 1 | . . 1 Melee . | . . . Uniques/NPCs Destroyed . | . . . Combat | -11 -10 -10 -------- Run | Jun Mat Min Damage Taken 1069 | . 22 1047 Core 251 | . . 251 Absorbed by Shields . | . . . Core Remaining (%) 100 | 100 . . Volleys Fired 28 | . 5 23 Largest 2 | . 2 2 Hottest 83 | . 40 83 Shots Fired 56 | . 10 46 Gun 55 | . 10 45 Cannon . | . . . Launcher 1 | . . 1 Special . | . . . Kinetic 42 | . 10 32 Thermal 13 | . . 13 Explosive 1 | . . 1 Electromagnetic . | . . . Robot Hit Streak 12 | . 6 12 Robot Miss Streak 2 | . 1 2 Penetration Max . | . . . Secondary Targets . | . . . Shots Hit Robots 41 | . 8 33 Core Hits 18 | . 6 12 Critical Kills . | . . . Critical Parts Destroyed . | . . . Critical Strikes 1 | . . 1 Burn 1 | . . 1 Melee Attacks . | . . . Impact . | . . . Slashing . | . . . Piercing . | . . . Sneak Attacks . | . . . Combat Hostiles . | . . . Follow-up Attacks . | . . . Damage Inflicted 548 | . 82 466 Guns 467 | . 82 385 Cannons 12 | . . 12 Explosions 69 | . . 69 Melee . | . . . Ramming . | . . . Kinetic 281 | . 82 199 Thermal 186 | . . 186 Explosive 69 | . . 69 Electromagnetic . | . . . Impact 12 | . . 12 Slashing . | . . . Piercing . | . . . Highest Corruption . | . . . Average Corruption . | . . . Corruption Purged . | . . . Corruption Blocked . | . . . Overload Shots . | . . . Overflow Damage . | . . . Projectiles . | . . . Explosions . | . . . Melee . | . . . Knockbacks . | . . . Impact . | . . . Kinetic . | . . . Secondary . | . . . Self-Inflicted Damage 18 | . . 18 Shots 1 | . . 1 Rammed . | . . . Targets Rammed . | . . . Kicked . | . . . Crushed . | . . . Highest Temperature 177 | . 6 177 Average Temperature 67 | . 6 74 Received Heat Transfer 57 | . 12 45 Siege Activations . | . . . Robots Corrupted . | . . . Combat Hostiles . | . . . Parts Fried . | . . . Impact Corruptions . | . . . Robots Melted . | . . . Combat Hostiles . | . . . Parts Melted . | . . . Heat Transferred 481 | . . 481 Parts Sabotaged . | . . . Parts Stolen . | . . . Parts Stripped . | . . . Power Chain Reactions . | . . . Missiles Intercepted . | . . . Alert | -11 -10 -10 ------- Run | Jun Mat Min Peak Influence 165 | . 47 165 Initial 18 | . . 18 Average 63 | . 9 105 Maximum Alert Level . | . . . Low Security (%) 100 | 100 100 100 Level 1 . | . . . Level 2 . | . . . Level 3 . | . . . Level 4 . | . . . Level 5 . | . . . High Security . | . . . Max Security . | . . . Squads Dispatched 1 | . . 1 Investigation 1 | . . 1 Extermination . | . . . Reinforcement . | . . . Assault . | . . . Garrison . | . . . Intercept . | . . . Searches Triggered . | . . . Construction Impeded . | . . . Haulers Reinforced . | . . . Active Scanning Responses . | . . . Cargo Convoy Interrupts . | . . . Stealth | -11 -10 -10 --------- Run | Jun Mat Min Distress Signals . | . . . Communications Jammed . | . . . Distress Signals . | . . . Times Spotted 13 | . 4 9 Peak Tracking Total 4 | . 3 4 Tactical Retreats . | . . . Traps | -11 -10 -10 ------- Run | Jun Mat Min Traps Triggered . | . . . Indirectly . | . . . Trap Hack Attempts . | . . . Triggered . | . . . Disarmed . | . . . Reprogrammed . | . . . Reused . | . . . Traps Extracted . | . . . Installed . | . . . Triggered . | . . . Machines | -11 -10 -10 ---------- Run | Jun Mat Min Machines Disabled 1 | . . 1 Max in Single Turn 1 | . . 1 Machines Repaired . | . . . Machines Sabotaged . | . . . Overloaded Fab Kills . | . . . Hacking | -11 -10 -10 --------- Run | Jun Mat Min Machines Accessed 1 | . . 1 Terminals . | . . . Fabricators . | . . . Repair Stations . | . . . Recycling Units . | . . . Scanalyzers . | . . . Garrison Access . | . . . Total Hacks 1 | . . 1 Successful 1 | . . 1 Failed . | . . . Catastrophic . | . . . Database Lockouts . | . . . Manual . | . . . Terminals . | . . . Fabricators . | . . . Repair Stations . | . . . Recycling Units . | . . . Scanalyzers . | . . . Garrison Access . | . . . Terminal Hacks 1 | . . 1 Open Door 1 | . . 1 Fabricator Hacks . | . . . Repair Station Hacks . | . . . Recycling Unit Hacks . | . . . Scanalyzer . | . . . Garrison Access Hacks . | . . . Unauthorized Hacks . | . . . Terminals . | . . . Fabricators . | . . . Repair Stations . | . . . Recycling Units . | . . . Scanalyzers . | . . . Garrison Access . | . . . Data Cores Recovered . | . . . Used . | . . . Hacking Detections . | . . . Full Trace Events . | . . . Feedback Events . | . . . Feedback Blocked . | . . . Robot Schematics Acquired . | . . . Robots Built . | . . . Authchips . | . . . Time . | . . . Total Robot Build Rating . | . . . Part Schematics Acquired . | . . . Parts Built . | . . . Authchips . | . . . Time . | . . . Total Part Build Rating . | . . . Parts Repaired . | . . . Time . | . . . Parts Recycled . | . . . Recycled Matter . | . . . Retrieved Matter . | . . . Retrieved Components . | . . . Parts Scanalyzed . | . . . Part Schematics Acquired . | . . . Parts Damaged . | . . . Bothacking | -11 -10 -10 ------------ Run | Jun Mat Min Used RIF Installer . | . . . Robots Hacked . | . . . Non-combat . | . . . Combat . | . . . Robot Hacks Applied . | . . . Relay Couplers Released . | . . . Fabnet Peak Effective % . | . . . Robots Rewired . | . . . Allies Hacked . | . . . Hacks Repelled . | . . . Allies | -11 -10 -10 -------- Run | Jun Mat Min Total Allies . | . . . Largest Group . | . . . Highest-Rated Group . | . . . Highest-Rated Ally . | . . . Total Orders . | . . . Ally Attacks . | . . . Total Damage . | . . . Kills . | . . . Allies Corrupted . | . . . Allies Melted . | . . . Intel | -11 -10 -10 ------- Run | Jun Mat Min Robot Analysis Total . | . . . Derelict Logs Recovered 1 | . . 1 Drone Launches . | . . . Drone Recoveries . | . . . Exploration | -11 -10 -10 ------------- Run | Jun Mat Min Turns Passed 443 | 3 191 249 Spaces Moved 269 | 2 132 135 Core . | . . . Treads . | . . . Legs 269 | 2 132 135 Wheels . | . . . Hover . | . . . Flight . | . . . Fastest Speed 120 | 120 120 120 Average Speed 120 | 120 120 120 Slowest Speed 120 | 120 120 120 Overloaded Moves . | . . . Propulsion Burnouts . | . . . Robots Hopped . | . . . Cave-ins Triggered . | . . . Exploration Rate (%) 20 | 2 27 32 Regions Visited 2 Branch Regions 1 Pre-discovered Areas . | . . . Known Exits Taken . | . . . Unknown Exits Taken 2 | 1 1 . Scrap Searched . | . . . Spaces Dug . | . . . Terrain Destroyed 7 | . . 7 Melee . | . . . Projectile . | . . . AOE 7 | . . 7 Terrain Rammed . | . . . Walls Destroyed . | . . . Machines Disabled . | . . . Actions | -11 -10 -10 --------- Run | Jun Mat Min Total 340 | 2 156 182 Wait 16 | 1 10 5 Move 267 | 1 131 135 Hop . | . . . Pick Up 5 | . 4 1 Fast Attach 5 | . 2 3 Attach 4 | . . 4 Detach 2 | . 1 1 Swap 5 | . . 5 Drop 8 | . 3 5 Fire 28 | . 5 23 Melee . | . . . Ram . | . . . Kick . | . . . Crush . | . . . Escape Stasis . | . . . Rewire . | . . . Trap . | . . . Miscellaneous . | . . . Route ------- -11/Junkyard -10/Materials -10/Mines History --------- Turn | Location | Event 2 | -11/Junkyard | Discovered new exit (range 1) 4 | -11/Junkyard | Entered Materials 183 | -10/Materials | Discovered new exit (range 7) 195 | -10/Materials | Entered Mines 247 | -10/Mines | Learned 8 Materials zone layouts 294 | -10/Mines | Met a Derelict shopkeep closing up shop 327 | -10/Mines | Build established: Mutant 437 | -10/Mines | Core integrity fell below 50% 443 | -10/Mines | Core integrity fell below 20% 444 | -10/Mines | Destroyed by YI-UF0 with YI-UF0's Doublenader Last Messages --------------- 00418_ YI-UF0: "BOOSH!" 00418_ S-10 Pest destroyed. 00418_ YI-UF0: "KAPOW!" 00418_ S-10 Pest destroyed. 00419_ The unstable cave ceiling collapses. 00421_ U-05 Engineer builds a Wall. 00425_ Acquired 7 matter. 00430_ Tractor Beam destroyed. 00430_ Lgt. Nuclear Core destroyed. 00430_ Carbon-fiber Leg destroyed. 00434_ The unstable cave ceiling collapses. 00436_ YI-UF0 mumbles something. 00438_ The unstable cave ceiling collapses. 00439_ YI-UF0 suffers critical hit (Burn). 00440_ Lgt. Ion Engine destroyed. 00442_ Aluminum Leg destroyed. 00442_ Lgt. Assault Rifle destroyed. 00442_ Aluminum Leg destroyed. 00442_ Pulse Rifle destroyed. 00444_ The unstable cave ceiling collapses. Map ----- +----------------------------------------------------+ | ?????????????????????????????????????????????????? | | ?????????????????????????????????????????????????? | | ?????????????????????????????????????????????????? | | ?????????????????????????????????????????????????? | | ?????????????????????????????????????????????????? | | ?????????????????????????????????????????????????? | | ?????????????????????????????????????????????????? | | ?????????????????????????????????????????????????? | | ?????????????????????????????????????????????????? | | ?????????????????????????????????????????????????? | | ?????????????????????????????????????????????????? | | ?????????????????????????????????????????????????? | | ?????????????????????????????????????????????????? | | ?????????????????????????????????????????????????? | | ??????????????? ?????????????????????????????????? | | ???????????????#!%???????????????????????????????? | | ?????????????#?#%= ???????###????????????????????? | | ?????????????# #!% ??????? ????????????????????? | | ?????????????# !!#?????? #????????????????????? | | ?????????????# ##???? ##???????????????????? | | ????????????## #### ##?##???????????????? | | ????????????# # # #???????????????? | | ????????????# #???????????????? | | ?????????????# #???????????????? | | ??????????????# #???????????????? | | ???########???### @ #???????????????? | | ???# #???# ## !! ][#?????????? | | ???# """ #???# ## g #??????????????????? | | ???# """ ####### ##??????????????????? | | ???# """ ## # # # ##???????????????????? | | ???# ### ## r ###### ?????????????? | | ???# """ ## # # ???????????????? | | ???# """ ## # # # ###### ???????????? | | ???# """ # # #??????????????????????? | | ???# ## =! # # #??????????????????????? | | ???# """ ### ## #??????????????????????? | | ???# """%#### # ##? #??????????????????????? | | ???# "" [##?## ##?? #??????????????????????? | | ???# =%! #??# ##??? #??????????????????????? | | ???# =[* #??### ##????##??????????????????????? | | ???#### #????## #?????????????????????????????? | | ?????# !! ##?????# #?????????????????????????????? | | ####### %##??????# #?????????????????????????????? | | * #???????# ?????????????????????????????? | | ####### ##???????# ?????????????????????????????? | | ??????# #????????####????????????????????????????? | | ??????# #????????????????????????????????????????? | | ??????# #????????????????????????????????????????? | | ??????# #???############?????????????????????????? | | ???#### ##### #?????????????????????????? | +----------------------------------------------------+ Best States ------------- Heat Dissipation 25 Energy Generation 14 Energy Capacity 250 Matter Stores 300 Matter Capacity 300 Sight Range 16 Terrain Scan Density 10 Evasion (%) 55 Item Schematics ----------------- None Robot Schematics ------------------ None Fabricated ------------ Nothing Alien Tech Used ----------------- None Achievements -------------- None Challenges ------------ None Game ------ Seed GravityCoilUnit Manual? 0 Play Time 00:16:11 Cumulative 77.6 hours Start 2023.03.09 @ 19:16:40 End 2023.03.09 @ 19:56:54 Sessions 1 Manual Loads 0 Difficulty Rogue Special Mode None Game No. 110 Rogue 106 Adventurer 0 Explorer 4 Win Type - Total 0 Types 0/0/0/0/0/0/0/0/0 Lore% 23 Gallery% 38 Achievement% 31 Wizard Run 0 Options --------- ASCII 0 Keyboard 1 Movement Arrows Keybinds 0 Fullscreen 2 Font 24/Smallcaps Map View 113x50 Tactical HUD 1 Map Filters NONE Filters NONE Steam 1 RUN: d21ad751-f392-495f-b6a0-3dcb370ee1cb